 Dungeon Crawl Stone Soup version 0.31-a0-431-g88bdf31460 (webtiles) character file.

Game seed: 5207539099494968232

4369 bobo the Fighter (level 10, -1/90 HPs)
             Began as a Red Draconian Shapeshifter on July 31, 2023.
             Was an Elder of Makhleb.
             Slain by a slime creature (12 damage)
             ... on level 7 of the Dungeon.
             The game lasted 00:19:17 (5615 turns).

bobo the Fighter (Red Draconian Shapeshifter)       Turns: 5615, Time: 00:19:18

Health: -1/90      AC:  7    Str: 22    XL:     10   Next: 13%
Magic:  14/15      EV: 17    Int:  8    God:    Makhleb [****..]
Gold:   363        SH:  0    Dex: 12    Spells: 7/9 levels left

rFire   + .          .
                       - Unarmed
rCold   . . .        (no shield)
rNeg    . . .        (body armour unavailable)
rPois   .            (helmet currently unavailable)
rElec   .            (cloak currently unavailable)
rCorr   .            (gloves currently unavailable)
SInv    +            (boots currently unavailable)
Will    .....        n - amulet of the acrobat
Stlth   +            d - +5 ring of evasion
HPRegen 0.35/turn    e - ring of see invisible
MPRegen 0.14/turn

%: acrobat
@: beast-form, slowed, very slow
A: beast (slay +4), breathe fire, AC +7, unfitting armour, fire resistance 1,
cold-blooded
a: Breathe Fire, Begin Untransformation, Renounce Religion, Minor Destruction,
Lesser Servant of Makhleb, Major Destruction


You were on level 7 of the Dungeon.
You worshipped Makhleb.
Makhleb was greatly pleased with you.
You were a hulking beast.
You visited 2 branches of the dungeon, and saw 8 of its levels.

You collected 363 gold pieces.

Inventory:

Missiles
 E - 2 throwing nets
Armour
 l - a +0 cloak
 D - a +0 pair of boots
Jewellery
 d - a +5 ring of evasion (left hand)
 e - a ring of see invisible (right hand)
 n - an amulet of the acrobat (around neck)
 t - a ring of protection from fire
 A - a ring of resist corrosion
Talismans
 b - a beast talisman (active)
Wands
 f - a wand of flame (16)
 p - a wand of polymorph (8)
 u - a wand of iceblast (8)
Scrolls
 c - 2 scrolls of vulnerability
 g - 3 scrolls of blinking {unknown}
 h - 2 scrolls of amnesia
 j - a scroll of identify
 s - 2 scrolls of poison {unknown}
 x - a scroll of torment {unknown}
 y - 2 scrolls of noise {unknown}
 B - a scroll of teleportation
 C - 2 scrolls of enchant armour {unknown}
 F - a scroll of fog {unknown}
Potions
 a - a potion of lignification
 i - 3 potions of curing
 k - 4 potions of magic
 m - a potion of berserk rage {unknown}
 o - a potion of invisibility {unknown}
 q - a potion of resistance {unknown}
 r - a potion of enlightenment {unknown}
 v - 6 potions of heal wounds
 w - 2 potions of brilliance {unknown}
 z - a potion of mutation {unknown}


   Skills:
 * Level 8.4 Fighting
 - Level 2.8 Dodging
 * Level 8.1 Unarmed Combat
 + Level 6.8 Invocations
 * Level 7.0 Shapeshifting


You had 7 spell levels left.
You knew the following spells:

 Your Spells              Type           Power      Damage    Failure   Level
Z - Blink                 Tloc           0%         N/A       54%         2

Your spell library contained the following spells:

 Spells                   Type           Power      Damage    Failure   Level
 Dazzling Flash           Conj/Hex       0%         N/A       78%         3
 Volatile Blastmotes      Fire/Tloc      0%         2d10      78%         3
 Manifold Assault         Tloc           0%         N/A       99%         4
 Starburst                Conj/Fire      0%         6d3       100%        6
 Maxwell's Capacitive Co  Air            0%         ∞         100%        8


Dungeon Overview and Level Annotations

Branches:
Dungeon (7/15)             Temple (1/1) D:4

Altars:
Ashenzari
Cheibriados
Dithmenos
Elyvilon
Fedhas
Gozag
Hepliaklqana
Kikubaaqudgha
Makhleb
Okawaru
Qazlal
Ru
Sif Muna
Trog
Uskayaw
Vehumet
Wu Jian
Xom
Yredelemnul
Zin
The Shining One

Shops:
D:1 *

Annotations:
D:2 1 runed translucent door, Crazy Yiuf


Innate Abilities, Weirdness & Mutations

You are a hulking beast.
Your limbs bulge with bestial killing power. (Slay +4)
You can breathe blasts of fire.
Your fiery red scales are hard. (AC +7)
You cannot fit into any form of body armour.
Your flesh is heat resistant. (rF+)
You are cold-blooded and may be slowed by cold attacks.


Message History

You punch the komodo dragon!
You kill the komodo dragon!
Makhleb accepts your kill.
You feel better.
The centaur wields a +0 orcbow.
The centaur shoots an arrow.
The arrow hits you!
A skeletal warrior comes into view.
It is wielding a +2 halberd of freezing.
Your Shapeshifting skill increases to level 7!
Okay, then.
A demon appears!
The centaur unwields a +0 orcbow.
The centaur hits your orange demon.
The centaur kicks your orange demon but does no damage.
The slime creature jiggles.
The slime creature hits you.
You hit the slime creature. You punch the slime creature!
The slime creature is severely wounded.
The slime creature misses you.
You punch the slime creature!
The slime creature is almost dead.
Your orange demon stings the centaur from afar!
The centaur looks as sick as possible!
Your orange demon poisons the centaur!
The skeletal warrior misses you.
The slime creature completely misses you.
You hit the slime creature.
The slime creature is almost dead.
Your orange demon stings the centaur from afar.
The skeletal warrior hits you from afar with a +2 halberd of freezing!
The skeletal warrior freezes you.
* * * LOW HITPOINT WARNING * * *
The slime creature hits you but does no damage.
A gargoyle comes into view. It is wielding a +0 mace.
As you read the scroll of identify, it crumbles to dust.
v - 6 potions of heal wounds You have got your breath back.
Your orange demon barely misses the centaur.
The skeletal warrior hits you from afar with a +2 halberd of freezing!
* * * LOW HITPOINT WARNING * * *
You feel yourself slow down. The skeletal warrior freezes you.
* * * LOW HITPOINT WARNING * * *
The slime creature hits you!
You die...

##).#.#.†### #.###.####....##.#
###...#..### #.# #....###.....#
.#...[#### ## ..# ###.#..###....
.#.##.# ) ### #..##.#.####)#
.#.##.# #9 #.#..#..#....# .#.##.#
c### ##.##.##.###.# .#.##.### z4#
#.#.##.###..)# ...##.#..### #J#
##.#.###...### ......#....###
#h###..###....####
.#.##.#.#....###.#..###...##.....
>#.##.#...#....##..##...#########
.#....#.#...#....###...##
.#.##.#...#....###.....#
.#....#.#....###....#..#
......#....###.........#
##.##.#..###...........#
#.##.)###...........###


You could see a skeletal warrior, a slime creature (drained), a gargoyle, a
centaur (extremely poisoned, ally target) and a friendly orange demon
(summoned).

Vanquished Creatures
  Maggie (D:6)
  A komodo dragon (D:7)
  A troll (D:7)
  A steam dragon (D:7)
  A vampire mosquito (D:7)
  Duvessa (D:6)
  A water moccasin (D:7)
  3 sky beasts
  An orc warrior (D:7)
  4 ogres
  4 centaurs
  A phantom (D:6)
  A kobold brigand (D:6)
  A bullfrog (D:7)
  A gnoll sergeant (D:7)
  2 scorpions
  5 wights (D:6)
  Dowan (D:6)
  5 killer bees (D:7)
  2 howler monkeys
  5 hounds
  4 jellies
  2 orc priests
  5 iguanas
  7 orc wizards
  13 gnolls
  5 adders
  A shadow imp (D:6)
  A white imp (D:6)
  An ufetubus (D:6)
  2 worms (D:4)
  23 orcs
  5 endoplasms
  3 giant cockroaches
  9 goblins
  5 hobgoblins
  7 jackals (D:2)
  5 quokkas
  3 ball pythons
  5 bats
  2 frilled lizards
  11 kobolds
  2 rats
164 creatures vanquished.

Vanquished Creatures (collateral kills)
  A wraith (D:7)
  A centaur (D:7)
  An iguana (D:7)
3 creatures vanquished.

Grand Total: 167 creatures vanquished

Notes
Turn   | Place    | Note
-------+----------+-------------------------------------------
     0 | D:1      | bobo the Draconian Shapeshifter began the quest for the
                  | Orb.
     0 | D:1      | Reached XP level 1. HP: 16/16 MP: 1/1
   388 | D:1      | Reached XP level 2. HP: 23/23 MP: 2/2
   444 | D:1      | Found Hoemunwe's General Store.
   809 | D:2      | Reached XP level 3. HP: 16/29 MP: 3/3
   897 | D:2      | Learned a level 2 spell: Blink
  1704 | D:2      | Found a runed translucent door.
  1705 | D:2      | Noticed Crazy Yiuf
  1963 | D:3      | Reached XP level 4. HP: 37/37 MP: 4/4
  2033 | D:3      | Reached XP level 5. HP: 26/42 MP: 5/5
  2127 | D:3      | Found a faded altar of an unknown god.
  2164 | D:3      | Prayed at the altar of an unknown god.
  2164 | D:3      | Became a worshipper of Makhleb the Destroyer
  2164 | D:3      | Reached * piety under Makhleb
  2252 | D:3      | Noticed an ogre
  2263 | D:3      | Killed an ogre
  2264 | D:3      | Reached skill level 1 in Invocations
  2481 | D:4      | Found a staircase to the Ecumenical Temple.
  2504 | Temple   | Entered the Ecumenical Temple
  2563 | D:4      | Reached XP level 6. HP: 50/51 MP: 7/7
  2591 | D:4      | Noticed a sky beast
  2605 | D:4      | Killed a sky beast
  2984 | D:5      | Entered Level 5 of the Dungeon
  2985 | D:5      | Found a basalt altar of Yredelemnul.
  3031 | D:4      | Your scales start taking on a fiery red colour.
  3031 | D:4      | Reached XP level 7. HP: 35/59 MP: 7/9
  3031 | D:4      | Gained mutation: Your flesh is heat resistant. (rF+) [Red
                  | Draconian growth]
  3240 | D:5      | Found a stormy altar of Qazlal.
  3333 | D:5      | Reached ** piety under Makhleb
  3436 | D:5      | Reached skill level 5 in Unarmed Combat
  3662 | D:6      | Reached skill level 5 in Fighting
  3683 | D:6      | Reached XP level 8. HP: 68/68 MP: 9/11
  3701 | D:6      | Noticed Duvessa
  3743 | D:6      | Reached skill level 5 in Shapeshifting
  3781 | D:6      | Noticed Maggie
  3853 | D:6      | Killed Maggie
  4010 | D:6      | Reached skill level 5 in Invocations
  4051 | D:6      | Reached *** piety under Makhleb
  4051 | D:6      | Noticed Dowan
  4052 | D:6      | Killed Duvessa
  4061 | D:6      | Killed Dowan
  4101 | D:6      | Reached XP level 9. HP: 57/78 MP: 13/13
  5154 | D:7      | Reached **** piety under Makhleb
  5600 | D:7      | Noticed a komodo dragon
  5600 | D:7      | Noticed a troll
  5602 | D:7      | Killed a troll
  5603 | D:7      | Reached XP level 10. HP: 67/88 MP: 13/15
  5610 | D:7      | Noticed a skeletal warrior
  5614 | D:7      | Noticed a gargoyle
  5615 | D:7      | Slain by a slime creature

Illustrated notes

Levels and vault maps discovered:
D:1:      dpeg_arrival_shelter, layout_loops_corners, serial_shops,
          nicolae_shop_temple_entry_statues_fountains
D:2:      layout_basic, minmay_split_cup_large, uniq_crazy_yiuf_cottage
D:3:      layout_rooms, shapermc_ecumenical_altar_notcrosses,
          minmay_ogre_servants
D:4:      layout_basic, minmay_temple_entry_crystal_x,
          hangedman_abyss_or_decor_lesser_grid, kennysheep_generic_room_3
D:5:      layout_basic, mainiacjoe_overflow_six_doors_small,
          mainiacjoe_overflow_catwalk
D:6:      layout_loops_cross, minmay_circle_x, uniq_maggie, uniq_duvessa
D:7:      minmay_the_grid_triangle_9x9_recursive_2
          [minmay_the_grid_triangle_9x9_prize_center,
          minmay_the_grid_triangle_9x9_flanged_cone,
          minmay_the_grid_triangle_9x9_negative_grid,
          minmay_the_grid_triangle_9x9_corruption], layout_loops_ring
Temple:   nicolae_temple_bog_church

Skill      XL: |  1  2  3  4  5  6  7  8  9 10 |
---------------+-------------------------------+-----
Dodging        | 2 |  2.8
Fighting       | 2 3 4 5 6 8 |  8.4
Unarmed Combat | 4 5 6 8 |  8.1
Invocations    | 1 2 4 5 6 |  6.8
Shapeshifting  | 4 5 6 7 |  7.0

Action                     |  1- 3 |  4- 6 |  7- 9 | 10-12 || total
---------------------------+-------+-------+-------+-------++-------
  Melee: Unarmed           |    88 |   123 |   161 |    11 ||   383
         Punch             |     5 |     4 |     8 |     1 ||    18
         Tailslap          |     3 |     9 |    21 |       ||    33
 Invoke: Minor Destruction |       |       |    74 |       ||    74
         Lesser Servant of |       |       |     1 |     1 ||     2
         Major Destruction |       |       |     1 |       ||     1
Ability: Breathe Fire      |       |       |    23 |       ||    23
    Use: Potion            |       |     1 |     1 |       ||     2
         Scroll            |       |       |     7 |     1 ||     8
   Stab: Sleeping          |     1 |       |       |       ||     1
         Distracted        |       |       |     1 |       ||     1
 Armour: Skin              |    16 |    35 |    28 |     3 ||    82
  Dodge: Dodged            |    77 |   104 |   222 |     8 ||   411

Table legend: (Time is in decaauts)
 A = Elapsed time spent in this place.
 B = Non-inter-level travel time spent in this place.
 C = Inter-level travel time spent in this place.
 D = Time resting spent in this place.
 E = Time spent auto-exploring this place.
 F = Levels seen in this place.
 G = Mean time per level.
                   A        B        C        D        E       F      G
               +--------+--------+--------+--------+--------+-----+--------+
         Total |   5579 |   5340 |    239 |    274 |   3997 |   8 |  697.4 |
       Dungeon |   5577 |   5338 |    239 |    274 |   3997 |   7 |  796.7 |
        Temple |      1 |      1 |      0 |      0 |      0 |   1 |    1.0 |
               +--------+--------+--------+--------+--------+-----+--------+

Top non-repeatable levels by time:
     D:2: 1119 daAuts
     D:6: 1027 daAuts
     D:7: 934 daAuts
     D:1: 726 daAuts
     D:4: 684 daAuts
     D:3: 598 daAuts
     D:5: 487 daAuts
  Temple: 1 daAuts
